 Dungeon Crawl Stone Soup version 0.32-a0-485-g70f7560b1c (webtiles) character file.

Game seed: 7820397758116664055

184 ytrimaz the Chopper (level 5, -6/41 HPs)
             Began as a Coglin Fighter on Feb 27, 2024.
             Was an Initiate of Okawaru.
             Mangled by a gnoll
             ... wielding a +0 whip of pain
              (8 damage)
             ... on level 3 of the Dungeon.
             The game lasted 00:01:44 (1999 turns).

ytrimaz the Chopper (Coglin Fighter)                Turns: 1999, Time: 00:01:46

Health: -6/41      AC:  6    Str: 19    XL:     5   Next: 64%
Magic:  5/5        EV:  9    Int:  7    God:    Okawaru [......]
Gold:   214        SH:  4    Dex: 13    Spells: 4/4 levels left

rFire   . . .        a - +0 war axe {Qiu}
rCold   . . .        c - +0 buckler
rNeg    . . .        b - +0 scale mail
rPois   .            (no helmet)
rElec   .            (no cloak)
rCorr   .            (no gloves)
SInv    .            (no boots)
Will    .....        (no amulet) Stlth
                     (ring unavailable)
HPRegen 0.26/turn    (ring unavailable)
MPRegen 0.09/turn

%: no passive effects
@: mighty, revved
A: off-hand wielding, slow wielding, warmup strikes, no rings
a: Renounce Religion


You were on level 3 of the Dungeon.
You worshipped Okawaru.
Okawaru was noncommittal.
You visited 1 branch of the dungeon, and saw 3 of its levels.

You collected 214 gold pieces.


Innate Abilities, Weirdness & Mutations

You can wield a second weapon in your off-hand.
It takes a long time for you to wield or remove held weapons.
Your first few attacks do less damage.
Your grasper-arms cannot wear rings.


   Skills:
 - Level 3.0 Fighting
 + Level 5.7 Axes
 - Level 2.6 Armour
 - Level 2.1 Shields


You had 4 spell levels left.
You didn't know any spells.
Your spell library contained the following spells:

 Spells                   Type           Power      Damage    Failure   Level
 Dazzling Flash           Conj/Hex       0%         N/A       99%         3
 Mephitic Cloud           Conj/Alch/Air  0%         N/A       99%         3
 Curse of Agony           Necr           0%         N/A       100%        5
 Silence                  Hex/Air        0%         N/A       100%        5

Inventory:

Hand Weapons
 a - a +0 war axe (weapon) {Qiu}
Armour
 b - a +0 scale mail (worn)
 c - a +0 buckler (worn)
Wands
 m - a wand of polymorph (5)
   (You took it off Natasha on level 2 of the Dungeon)
Scrolls
 e - a scroll of enchant armour {unknown}
 h - 2 scrolls of teleportation
 l - a scroll of silence
Potions
 d - a potion of might
 f - 2 potions of haste
 g - a potion of lignification {unknown}
 j - a potion of berserk rage {unknown}
 k - a potion of enlightenment {unknown}

Dungeon Overview and Level Annotations

Branches:
Dungeon (3/15) Zot: 15948

Altars:
Okawaru

###.......# #...#####
.#.... #...#######
.#.#.#
#.........#####.....#
###...#####.##.......# .
.....................#..
.............#..........
.................)......
###...###.#....g@).#
#.........#....)##
###...###.####..)##
..#...# #.........##
#.#)..# ########...#.
#.....# ##.##.##.#...
#....)# ##............
#.......###.#.#.#.#.#...
#...#.#.................


You could see a gnoll.


Message History

You kill the orc!
Okawaru accepts your kill. The gnoll hits you but does no damage.
You writhe in agony.
The orc throws a boomerang.
The boomerang hits you. The gnoll hits you with a +0 flail.
You block the orc's attack. You block the gnoll's attack.
The orc throws a boomerang.
The boomerang closely misses you.
The gnoll hits you with a +0 flail! 😮 HP[-17]
You take 17 damage, and now have 23/41 hp.
MASSIVE DAMAGE!! (PAUSE)
You are too injured to fight recklessly!
You barely miss the gnoll. You closely miss the orc. You hit the gnoll.
You block the gnoll's attack. The orc hits you but does no damage.
The gnoll barely misses you.
You block the gnoll's attack. 😮 HP[+1] Unknown command.
You barely miss the gnoll. You hit the gnoll. You completely miss the orc.
You hit the orc.
The gnoll hits you with a +0 whip of pain.
The gnoll hits you from afar with a +0 spear.
* * * LOW HITPOINT WARNING * * *
The orc barely misses you. The gnoll barely misses you. 😨 HP[-6]
You take 6 damage, and now have 18/41 hp.
Unknown command.
You hit the gnoll. You slash the orc! You closely miss the gnoll.
You barely miss the orc. x2
The gnoll hits you with a +0 whip of pain.
* * * LOW HITPOINT WARNING * * *
You block the orc's attack. The gnoll hits you but does no damage.
The orc hits you but does no damage. The gnoll hits you with a +0 flail.
* * * LOW HITPOINT WARNING * * *
The orc hits you with a +0 club.
* * * LOW HITPOINT WARNING * * *
😱 HP[-9]
You take 9 damage, and now have 9/41 hp.
MASSIVE DAMAGE!! (PAUSE) It was a potion of curing.
You feel better. You block the gnoll's attack. The orc barely misses you.
You block the orc's attack. The gnoll closely misses you.
The gnoll hits you from afar with a +0 spear!
* * * LOW HITPOINT WARNING * * *
The orc misses you. 😨 HP[+2]
You regained 2 hp, and now have 11/41 hp.
You feel better. The gnoll closely misses you.
The orc hits you with a +0 dagger. The orc barely misses you.
The gnoll hits you with a +0 flail.
* * * LOW HITPOINT WARNING * * *
The gnoll closely misses you. The orc closely misses you. 😨 HP[+7]
You regained 7 hp, and now have 18/41 hp.
You feel very mighty all of a sudden.
The gnoll hits you with a +0 whip of pain.
* * * LOW HITPOINT WARNING * * *
The orc misses you. The gnoll completely misses you.
The orc closely misses you. The orc hits you but does no damage.
The gnoll misses you. 😨 HP[-4]
You take 4 damage, and now have 14/41 hp.
Unknown command.
You slash the gnoll!
You kill the gnoll!
Okawaru accepts your kill.
You slash the orc!
You kill the orc!
Okawaru accepts your kill.
You hit the orc. You slash the orc!
You kill the orc!
Okawaru accepts your kill.
You closely miss the gnoll. The gnoll hits you but does no damage.
The gnoll hits you with a +0 whip of pain.
* * * LOW HITPOINT WARNING * * *
The orc hits you with a +0 dagger.
* * * LOW HITPOINT WARNING * * *
You block the orc's attack. The orc hits you but does no damage.
The gnoll hits you but does no damage. The gnoll barely misses you. 😱 HP[-7]
You take 7 damage, and now have 7/41 hp.
The gnoll hits you but does no damage. The orc hits you but does no damage.
The gnoll hits you but does no damage. The orc hits you with a +0 morningstar.
* * * LOW HITPOINT WARNING * * *
You see here a +0 flail. 😱 HP[-5]
You take 5 damage, and now have 2/41 hp.
Unknown command.
You hit the gnoll. You slash the orc!
You kill the orc!
Okawaru accepts your kill.
You hit the orc. You closely miss the gnoll. The gnoll closely misses you.
The orc barely misses you. You block the gnoll's attack.
Unknown command.
You slice the gnoll!!
You kill the gnoll!
Okawaru accepts your kill.
You barely miss the gnoll. You slash the orc!
You kill the orc!
Okawaru accepts your kill.
The gnoll hits you with a +0 whip of pain!
You die...

Skill      XL: |  1  2  3  4 |
---------------+-------------+-----
Axes           | 3 4 5 |  5.7
Fighting       | |  3.0
Armour         | |  2.6
Shields        | |  2.1

Action                     |  1- 3 |  4- 6 || total
---------------------------+-------+-------++-------
  Melee: War axe           |    98 |    55 ||   153
         Unarmed           |       |     3 ||     3
    Use: Scroll            |       |     5 ||     5
         Potion            |       |     3 ||     3
 Armour: Scale mail        |    90 |    52 ||   142
         Skin              |       |     4 ||     4
  Dodge: Dodged            |    49 |    46 ||    95
  Block: Buckler           |    18 |    22 ||    40

Levels and vault maps discovered:
D:1:      lightli_arrival_maybe_door_vault, layout_rooms,
          shapermc_ecumenical_altar_mp_ritualfount, lexackson_kobold_supper
D:2:      layout_basic, uniq_natasha
D:3:      layout_loops_cross, amcnicky_altar_gilded, serial_glass,
          glass_columns_c, glass_columns_c, glass_columns_c, glass_columns_b,
          glass_columns_a, glass_columns_c, glass_columns_a, glass_columns_b,
          glass_columns_b, glass_columns_a

Notes
Turn   | Place    | Note
-------+----------+-------------------------------------------
     0 | D:1      | ytrimaz the Coglin Fighter began the quest for the Orb.
     0 | D:1      | Reached XP level 1. HP: 18/18 MP: 1/1
     0 | D:1      | magus.rc [v1.9.6]
    70 | D:1      | Reached XP level 2. HP: 17/24 MP: 2/2
   142 | D:1      | Found a faded altar of an unknown god.
   144 | D:1      | Reached skill level 3 in Axes
   175 | D:1      | Reached XP level 3. HP: 27/29 MP: 3/3
   338 | D:1      | You pick up a book of the Senses and begin reading...
   338 | D:1      | You add the spells Dazzling Flash, Mephitic Cloud, Curse of
                  | Agony and Silence to your library.
   700 | D:2      | Noticed Natasha
   706 | D:2      | Killed Natasha
   707 | D:2      | Reached skill level 4 in Axes
   707 | D:2      | Reached XP level 4. HP: 25/35 MP: 4/4
   840 | D:2      | Noticed Natasha
   846 | D:2      | Killed Natasha
   857 | D:2      | Reached skill level 5 in Axes
   857 | D:2      | Reached XP level 5. HP: 40/41 MP: 5/5
  1158 | D:2      | Noticed Natasha
  1169 | D:2      | Killed Natasha
  1711 | D:3      | Found an iron altar of Okawaru.
  1729 | D:3      | Became a worshipper of Warmaster Okawaru
  1992 | D:3      | HP: 9/41 [orc/+0 club (2)]
  1997 | D:3      | HP: 2/41 [orc/+0 morningstar (6)]
  1999 | D:3      | Mangled by a gnoll

Vanquished Creatures
  Natasha (thrice) (D:2)
  2 gnolls (D:3)
  3 adders
  2 dart slugs (D:1)
  6 orcs (D:3)
  6 ball pythons
  4 endoplasms
  A giant cockroach (D:2)
  4 goblins
  6 hobgoblins
  2 jackals (D:1)
  4 quokkas
  2 bats (D:1)
  5 frilled lizards
  11 kobolds
  11 rats
72 creatures vanquished.

Table legend:
 A = Non-vault XP
 B = Vault XP
 C = Vault XP percentage of total XP
 D = Non-vault monster count
 E = Vault monster count
 F = Vault count percentage of total count
                 A         B        C        D         E       F
            +---------+---------+-------+---------+---------+-------
      Total |     237 |      45 |  16.0 |      63 |       9 |  12.5
            +---------+---------+-------+---------+---------+-------
        D:1 |      51 |      10 |  16.4 |      32 |       8 |  20.0
        D:2 |     117 |      35 |  23.0 |      17 |       1 |   5.6
        D:3 |      69 |       0 |   0.0 |      14 |       0 |   0.0
            +---------+---------+-------+---------+---------+-------

Skill      XL: |  1  2  3  4 |
---------------+-------------+-----
Axes           | 3 4 5 |  5.7
Fighting       | |  3.0
Armour         | |  2.6
Shields        | |  2.1

Action                     |  1- 3 |  4- 6 || total
---------------------------+-------+-------++-------
  Melee: War axe           |    98 |    55 ||   153
         Unarmed           |       |     3 ||     3
    Use: Scroll            |       |     5 ||     5
         Potion            |       |     3 ||     3
 Armour: Scale mail        |    90 |    52 ||   142
         Skin              |       |     4 ||     4
  Dodge: Dodged            |    49 |    46 ||    95
  Block: Buckler           |    18 |    22 ||    40

Illustrated notes

Table legend:
 A = Kills in this place as a percentage of kills in the entire game.
 B = Kills by you in this place as a percentage of kills by you in the entire game.
 C = Kills by friends in this place as a percentage of kills by friends in the entire game.
 D = Other kills in this place as a percentage of other kills in the entire game.
 E = Experience gained in this place as a percentage of experience gained in the entire game.
 F = Experience gained in this place divided by the number of levels of this place that you have seen.
                   A       B       C       D       E      F
               +-------+-------+-------+-------+-------+----------------------
         Total | 100.0 | 100.0 |   N/A |   N/A | 100.0 |  94.0
       Dungeon | 100.0 | 100.0 |   N/A |   N/A | 100.0 |  94.0
               +-------+-------+-------+-------+-------+----------------------

Table legend: (Time is in decaauts)
 A = Elapsed time spent in this place.
 B = Non-inter-level travel time spent in this place.
 C = Inter-level travel time spent in this place.
 D = Time resting spent in this place.
 E = Time spent auto-exploring this place.
 F = Levels seen in this place.
 G = Mean time per level.
                   A        B        C        D        E       F      G
               +--------+--------+--------+--------+--------+-----+--------+
         Total |   2050 |   2001 |     49 |      0 |   1547 |   3 |  683.3 |
       Dungeon |   2050 |   2001 |     49 |      0 |   1547 |   3 |  683.3 |
               +--------+--------+--------+--------+--------+-----+--------+

Top non-repeatable levels by time:
     D:2: 974 daAuts
     D:1: 711 daAuts
     D:3: 364 daAuts
